[ AOE2 MATCH · #484353525 ]
UnrankedVietnamese vs Turks
[ REPLAY ANALYSIS · EXTRACTED FROM THE RECORDED GAME ]
Feudal
11:34
Castle
18:10
Imperial
33:07
| APM avg | 26.4 |
| APM peak | 51 |
| eAPM avg | 15.5 |
| Villagers / military | 114 / 151 |
Focus
⚔️ 24.1% · 🌾 75.9%
Rattan Archer ×74 · Skirmisher ×55 · Fishing Ship ×16 · Bombard Cannon ×16 · Trade Cart ×14 · Trebuchet (Packed) ×4
Feudal
11:31
Castle
14:54
Imperial
32:57
| APM avg | 24.2 |
| APM peak | 84 |
| eAPM avg | 11.2 |
| Villagers / military | 126 / 89 |
Focus
⚔️ 17.6% · 🌾 82.4%
Janissary ×60 · Militia ×20 · Trade Cart ×15 · Bombard Cannon ×9
Feudal
12:28
Castle
16:23
Imperial
30:18
| APM avg | 23.0 |
| APM peak | 44 |
| eAPM avg | 14.5 |
| Villagers / military | 104 / 176 |
Focus
⚔️ 23.9% · 🌾 76.1%
Mangudai ×82 · Scout Cavalry ×74 · Trade Cart ×25 · Fishing Ship ×19 · Mangonel ×9 · Trebuchet (Packed) ×9
Feudal
11:13
Castle
19:44
Imperial
35:01
| APM avg | 19.8 |
| APM peak | 61 |
| eAPM avg | 10.3 |
| Villagers / military | 111 / 56 |
Focus
⚔️ 25.6% · 🌾 74.4%
Scorpion ×27 · Mangonel ×13 · Spearman ×12 · Militia ×4
Feudal
11:20
Castle
15:48
Imperial
30:44
| APM avg | 39.7 |
| APM peak | 88 |
| eAPM avg | 21.7 |
| Villagers / military | 140 / 214 |
Focus
⚔️ 30.6% · 🌾 69.4%
Elephant Archer ×142 · Spearman ×61 · Trade Cart ×16 · Trebuchet (Packed) ×10 · Monk ×1
Feudal
11:36
Castle
15:06
Imperial
29:32
| APM avg | 50.7 |
| APM peak | 125 |
| eAPM avg | 31.6 |
| Villagers / military | 237 / 381 |
Focus
⚔️ 36.4% · 🌾 63.6%
Knight ×303 · Scout Cavalry ×74 · Trade Cart ×18 · Trebuchet (Packed) ×4
Feudal
14:26
Castle
20:14
Imperial
33:51
| APM avg | 24.6 |
| APM peak | 51 |
| eAPM avg | 17.8 |
| Villagers / military | 121 / 133 |
Focus
⚔️ 24.0% · 🌾 76.0%
Kamayuk ×124 · Unknown (2550) ×111 · Fishing Ship ×18 · Battering Ram ×7 · Mangonel ×2
Feudal
13:54
Castle
20:28
Imperial
31:54
| APM avg | 31.9 |
| APM peak | 98 |
| eAPM avg | 19.5 |
| Villagers / military | 135 / 109 |
Focus
⚔️ 16.8% · 🌾 83.2%
Knight ×102 · Trade Cart ×7 · Mangonel ×4 · Monk ×3
Match map
Initial resources + every placement click. Lines = walls · curves = elevation contours. ◆ gold · ⬟ stone · ● berries · ✦ relic · ◌ wall gap
Your base· ✓ Closed at 18:10 · 31t walls · 1 gate(s)
Ekx_21_Pro_Max's base· Open — opponent sealed themselves in
Mr. Bolivar's base· ✓ Closed at 16:23 · 0t walls · no gate
kerich732's base· Open — opponent sealed themselves in
HF Old English's base· ✓ Closed at 15:48 · 15t walls · no gate
MorikawaKouichi's base· Open — opponent sealed themselves in
我爱干饭's base· ✓ Closed at 20:14 · 14t walls · no gate
obamama's base· Open — opponent sealed themselves in
Smoothed initial terrain · ◌ = detected wall gap · hover for details
Inputs per minute
— Buco - - Ekx_21_Pro_Max
Build order — Buco
First 150 of 372 actions detected
| 0:03 | Create | Villager (Male) |
| 0:03 | Create | Villager (Male) |
| 0:03 | Create | Villager (Male) |
| 0:05 | Build | House |
| 0:07 | Build | House |
| 0:09 | Build | House |
| 0:09 | Create | Villager (Male) |
| 0:13 | Research | Loom |
| 0:13 | Create | Villager (Male) |
| 0:14 | Create | Villager (Male) |
| 0:36 | Build | Palisade Wall |
| 0:52 | Create | Villager (Male) |
| 2:20 | Create | Villager (Male) |
| 2:52 | Create | Villager (Male) |
| 3:32 | Create | Villager (Male) |
| 3:32 | Create | Villager (Male) |
| 3:49 | Create | Villager (Male) |
| 4:05 | Create | Villager (Male) |
| 4:26 | Create | Villager (Male) |
| 5:33 | Create | Villager (Male) |
| 5:33 | Create | Villager (Male) |
| 5:44 | Create | Villager (Male) |
| 5:45 | Create | Villager (Male) |
| 5:52 | Build | Lumber Camp |
| 6:24 | Create | Villager (Male) |
| 7:00 | Build | House |
| 7:04 | Create | Villager (Male) |
| 7:27 | Create | Villager (Male) |
| 7:30 | Build | House |
| 8:18 | Build | Dock |
| 8:34 | Create | Villager (Male) |
| 8:45 | Create | Villager (Male) |
| 8:54 | Build | Lumber Camp |
| 9:18 | Research | Feudal Age |
| 9:47 | Build | Mill |
| 10:04 | Create | Fishing Ship |
| 10:25 | Create | Villager (Male) |
| 10:49 | Build | Mining Camp |
| 11:02 | Create | Fishing Ship |
| 11:20 | Build | Barracks |
| 11:28 | Create | Villager (Male) |
| 11:34 | Age | Feudal Age |
| 12:04 | Build | Market |
| 12:07 | Research | Double-Bit Axe |
| 12:08 | Create | Villager (Male) |
| 12:26 | Build | House |
| 12:28 | Create | Villager (Male) |
| 12:34 | Build | Farm |
| 12:39 | Create | Fishing Ship |
| 12:41 | Create | Villager (Male) |
| 12:43 | Create | Villager (Male) |
| 13:13 | Build | Blacksmith |
| 13:21 | Build | Blacksmith |
| 13:33 | Create | Villager (Male) |
| 13:40 | Create | Fishing Ship |
| 13:41 | Create | Fishing Ship |
| 13:43 | Create | Villager (Male) |
| 14:00 | Build | House |
| 14:01 | Build | House |
| 14:31 | Build | Mining Camp |
| 14:50 | Create | Villager (Male) |
| 15:30 | Research | Castle Age |
| 15:59 | Build | Stone Wall |
| 16:03 | Build | Gate |
| 16:40 | Build | Fish Trap |
| 16:45 | Create | Fishing Ship |
| 16:45 | Create | Fishing Ship |
| 16:55 | Create | Trade Cart |
| 16:55 | Create | Trade Cart |
| 16:58 | Create | Villager (Male) |
| 16:59 | Create | Villager (Male) |
| 17:04 | Research | Stone Mining |
| 17:04 | Research | Stone Mining |
| 17:06 | Create | Villager (Male) |
| 17:12 | Research | Horse Collar |
| 17:33 | Build | Fish Trap |
| 17:44 | Research | Tech 906 |
| 18:10 | Age | Castle Age |
| 18:19 | Build | Town Center |
| 18:30 | Build | Fish Trap |
| 18:35 | Research | Gillnets |
| 18:59 | Build | Town Center |
| 19:02 | Create | Villager (Male) |
| 19:02 | Create | Villager (Male) |
| 19:50 | Create | Villager (Male) |
| 19:51 | Create | Villager (Male) |
| 20:01 | Build | House |
| 20:03 | Research | Bow Saw |
| 20:07 | Build | Fish Trap |
| 20:12 | Create | Villager (Male) |
| 20:21 | Create | Trade Cart |
| 20:23 | Create | Villager (Male) |
| 20:23 | Create | Villager (Male) |
| 20:47 | Create | Villager (Male) |
| 20:55 | Build | Fish Trap |
| 21:01 | Build | Fish Trap |
| 21:03 | Build | Fish Trap |
| 21:10 | Create | Villager (Male) |
| 21:16 | Build | Farm |
| 21:19 | Build | Farm |
| 21:22 | Create | Villager (Male) |
| 21:23 | Create | Villager (Male) |
| 21:31 | Build | Castle |
| 21:39 | Build | Farm |
| 21:40 | Build | Farm |
| 21:40 | Build | Farm |
| 21:40 | Build | Farm |
| 21:41 | Build | Farm |
| 21:41 | Build | Farm |
| 21:41 | Build | Farm |
| 21:42 | Build | Farm |
| 21:43 | Build | Farm |
| 21:43 | Build | Farm |
| 21:52 | Build | Farm |
| 21:56 | Build | Farm |
| 21:57 | Create | Villager (Male) |
| 21:57 | Create | Villager (Male) |
| 21:58 | Create | Villager (Male) |
| 21:58 | Create | Villager (Male) |
| 22:01 | Create | Fishing Ship |
| 22:02 | Create | Fishing Ship |
| 22:08 | Create | Trade Cart |
| 22:20 | Build | Farm |
| 22:21 | Create | Villager (Male) |
| 22:21 | Create | Villager (Male) |
| 22:31 | Build | House |
| 22:32 | Build | House |
| 22:33 | Build | House |
| 22:34 | Build | House |
| 22:37 | Build | House |
| 22:38 | Build | House |
| 22:45 | Create | Trade Cart |
| 22:46 | Create | Villager (Male) |
| 22:46 | Create | Villager (Male) |
| 22:48 | Create | Rattan Archer |
| 22:52 | Create | Villager (Male) |
| 22:52 | Create | Villager (Male) |
| 22:57 | Create | Fishing Ship |
| 23:07 | Build | Fish Trap |
| 23:15 | Research | Heavy Plow |
| 23:18 | Create | Rattan Archer |
| 23:18 | Create | Rattan Archer |
| 23:32 | Create | Villager (Male) |
| 23:32 | Create | Villager (Male) |
| 23:33 | Create | Villager (Male) |
| 23:48 | Build | Fish Trap |
| 23:50 | Create | Fishing Ship |
| 23:51 | Create | Fishing Ship |
| 23:54 | Create | Villager (Male) |
| 24:00 | Build | Town Center |
Build order — Ekx_21_Pro_Max
First 150 of 303 actions detected
| 0:01 | Create | Villager (Male) |
| 0:01 | Create | Villager (Male) |
| 0:02 | Create | Villager (Male) |
| 0:02 | Create | Villager (Male) |
| 0:03 | Build | House |
| 0:06 | Build | House |
| 1:41 | Create | Villager (Male) |
| 2:15 | Create | Villager (Male) |
| 2:15 | Create | Villager (Male) |
| 2:45 | Create | Villager (Male) |
| 2:57 | Create | Villager (Male) |
| 3:32 | Create | Villager (Male) |
| 3:33 | Create | Villager (Male) |
| 3:40 | Build | House |
| 3:41 | Build | House |
| 3:43 | Build | Lumber Camp |
| 3:57 | Create | Villager (Male) |
| 3:57 | Create | Villager (Male) |
| 4:18 | Create | Villager (Male) |
| 4:19 | Create | Villager (Male) |
| 5:26 | Create | Villager (Male) |
| 5:26 | Create | Villager (Male) |
| 5:27 | Create | Villager (Male) |
| 5:34 | Build | Mill |
| 6:24 | Create | Villager (Male) |
| 7:14 | Create | Villager (Male) |
| 7:14 | Create | Villager (Male) |
| 7:15 | Create | Villager (Male) |
| 7:37 | Create | Villager (Male) |
| 8:11 | Research | Loom |
| 8:28 | Create | Villager (Male) |
| 8:38 | Build | Mining Camp |
| 8:53 | Research | Feudal Age |
| 11:31 | Age | Feudal Age |
| 11:38 | Build | Market |
| 11:44 | Build | Blacksmith |
| 12:14 | Research | Castle Age |
| 12:37 | Research | Double-Bit Axe |
| 13:53 | Build | House |
| 13:54 | Build | House |
| 13:55 | Build | House |
| 14:54 | Age | Castle Age |
| 14:57 | Build | Town Center |
| 15:14 | Create | Villager (Male) ×5 |
| 15:27 | Build | Town Center |
| 16:12 | Create | Villager (Male) |
| 16:12 | Create | Villager (Male) |
| 16:12 | Create | Villager (Male) |
| 16:35 | Create | Villager (Male) |
| 16:35 | Create | Villager (Male) |
| 16:47 | Create | Villager (Male) |
| 16:47 | Create | Villager (Male) |
| 16:58 | Build | Farm |
| 16:59 | Build | Farm |
| 17:01 | Build | Farm |
| 17:10 | Build | Farm |
| 17:17 | Build | Farm |
| 17:19 | Create | Villager (Male) |
| 17:20 | Create | Villager (Male) |
| 17:21 | Create | Villager (Male) |
| 17:21 | Create | Villager (Male) |
| 17:36 | Build | Farm |
| 17:40 | Build | Farm |
| 17:49 | Build | Farm |
| 17:55 | Build | Farm |
| 17:58 | Create | Villager (Male) |
| 18:05 | Create | Villager (Male) |
| 18:10 | Build | Farm |
| 18:11 | Build | Farm |
| 18:15 | Build | Farm |
| 18:23 | Create | Villager (Male) |
| 18:24 | Create | Villager (Male) |
| 18:34 | Create | Villager (Male) |
| 18:45 | Create | Villager (Male) |
| 18:46 | Create | Villager (Male) |
| 18:47 | Create | Villager (Male) |
| 18:48 | Create | Villager (Male) |
| 18:58 | Build | Farm |
| 19:00 | Build | Farm |
| 19:01 | Build | Farm |
| 19:05 | Build | Farm |
| 19:07 | Research | Horse Collar |
| 19:11 | Create | Villager (Male) |
| 19:11 | Create | Villager (Male) |
| 19:17 | Build | House |
| 19:19 | Build | House |
| 19:20 | Build | House |
| 19:21 | Build | House |
| 19:22 | Build | House |
| 19:48 | Create | Villager (Male) |
| 19:50 | Create | Villager (Male) |
| 19:51 | Create | Villager (Male) |
| 20:24 | Create | Villager (Male) |
| 20:26 | Create | Villager (Male) |
| 20:27 | Create | Villager (Male) |
| 20:37 | Build | Farm |
| 20:41 | Build | Farm |
| 20:42 | Build | Farm |
| 20:43 | Build | Farm |
| 20:48 | Create | Villager (Male) |
| 20:49 | Create | Villager (Male) |
| 20:59 | Build | Town Center |
| 21:04 | Create | Villager (Male) |
| 21:14 | Create | Villager (Male) |
| 21:17 | Create | Villager (Male) |
| 21:18 | Create | Villager (Male) |
| 21:19 | Create | Villager (Male) |
| 21:20 | Create | Villager (Male) |
| 21:27 | Build | Farm |
| 21:28 | Build | Farm |
| 21:30 | Build | Farm |
| 21:31 | Build | Farm |
| 21:32 | Build | Farm |
| 21:40 | Create | Villager (Male) |
| 21:42 | Create | Villager (Male) |
| 21:49 | Build | Farm |
| 21:50 | Build | Farm |
| 21:54 | Build | Farm |
| 21:55 | Build | Farm |
| 22:15 | Create | Villager (Male) |
| 22:16 | Create | Villager (Male) |
| 22:18 | Create | Villager (Male) |
| 22:31 | Build | Mining Camp |
| 22:33 | Create | Villager (Male) |
| 22:34 | Create | Villager (Male) |
| 22:35 | Create | Villager (Male) |
| 22:37 | Create | Villager (Male) |
| 22:44 | Build | Farm |
| 22:46 | Build | Farm |
| 22:47 | Build | Farm |
| 22:48 | Build | Farm |
| 22:54 | Create | Villager (Male) |
| 22:58 | Create | Villager (Male) |
| 22:58 | Create | Villager (Male) |
| 23:06 | Build | Farm |
| 23:07 | Build | Farm |
| 23:08 | Build | Farm |
| 23:12 | Create | Villager (Male) |
| 23:13 | Create | Villager (Male) |
| 23:14 | Create | Villager (Male) |
| 23:22 | Research | Stone Mining |
| 23:45 | Build | House |
| 23:46 | Build | House |
| 23:47 | Build | House |
| 23:48 | Build | House |
| 23:49 | Build | House |
| 23:50 | Build | House |
| 24:05 | Build | Town Center |
| 24:24 | Research | Wheelbarrow |
| 24:29 | Research | Gold Mining |
Build order — Mr. Bolivar
First 150 of 390 actions detected
| 0:01 | Create | Villager (Male) |
| 0:01 | Create | Villager (Male) |
| 0:02 | Create | Villager (Male) |
| 0:03 | Build | House |
| 0:05 | Build | House |
| 0:19 | Create | Villager (Male) |
| 0:19 | Create | Villager (Male) |
| 1:25 | Create | Villager (Male) |
| 1:25 | Create | Villager (Male) |
| 1:58 | Build | Lumber Camp |
| 1:59 | Create | Villager (Male) |
| 2:00 | Create | Villager (Male) |
| 2:16 | Create | Villager (Male) |
| 2:16 | Create | Villager (Male) |
| 2:56 | Create | Villager (Male) |
| 3:06 | Create | Villager (Male) |
| 3:07 | Create | Villager (Male) |
| 3:42 | Create | Villager (Male) |
| 3:42 | Create | Villager (Male) |
| 3:49 | Build | House |
| 3:50 | Build | House |
| 3:51 | Build | House |
| 3:59 | Create | Villager (Male) |
| 4:43 | Create | Villager (Male) |
| 4:50 | Create | Villager (Male) |
| 4:50 | Create | Villager (Male) |
| 5:09 | Create | Villager (Male) |
| 5:30 | Build | Dock |
| 6:08 | Create | Villager (Male) |
| 6:08 | Create | Villager (Male) |
| 6:09 | Create | Villager (Male) |
| 6:09 | Create | Villager (Male) |
| 6:18 | Create | Villager (Male) |
| 6:18 | Create | Villager (Male) |
| 6:18 | Create | Villager (Male) |
| 6:42 | Build | House |
| 6:44 | Build | House |
| 6:45 | Create | Fishing Ship |
| 6:47 | Create | Villager (Male) |
| 8:06 | Create | Villager (Male) |
| 8:09 | Build | Mill |
| 8:17 | Create | Fishing Ship ×3 |
| 9:15 | Create | Villager (Male) |
| 9:17 | Create | Villager (Male) |
| 9:34 | Build | Mining Camp |
| 9:45 | Create | Fishing Ship |
| 9:46 | Create | Fishing Ship |
| 10:00 | Research | Feudal Age |
| 10:23 | Create | Villager (Male) |
| 10:24 | Create | Villager (Male) |
| 10:24 | Research | Loom |
| 12:28 | Age | Feudal Age |
| 12:29 | Build | Mill |
| 12:35 | Build | Market |
| 12:42 | Build | Blacksmith |
| 12:47 | Research | Double-Bit Axe |
| 13:42 | Research | Castle Age |
| 13:58 | Research | Gold Mining |
| 14:04 | Build | Fish Trap |
| 14:09 | Build | Fish Trap |
| 14:24 | Build | Fish Trap |
| 14:33 | Research | Stone Mining |
| 14:43 | Build | Fish Trap |
| 15:12 | Research | Horse Collar |
| 16:23 | Build | Fish Trap |
| 16:23 | Age | Castle Age |
| 16:26 | Create | Villager (Male) |
| 16:28 | Create | Villager (Male) |
| 16:33 | Build | Town Center |
| 16:40 | Research | Bow Saw |
| 16:52 | Create | Villager (Male) |
| 17:12 | Build | Town Center |
| 17:22 | Research | Gold Shaft Mining |
| 17:22 | Research | Stone Shaft Mining |
| 17:24 | Research | Heavy Plow |
| 17:33 | Create | Villager (Male) |
| 17:42 | Create | Villager (Male) |
| 17:43 | Create | Villager (Male) |
| 17:47 | Research | Wheelbarrow |
| 18:05 | Build | Fish Trap |
| 18:19 | Build | Lumber Camp |
| 18:26 | Create | Villager (Male) |
| 18:31 | Create | Villager (Male) |
| 18:40 | Build | Farm |
| 18:40 | Build | Farm |
| 18:41 | Build | Farm |
| 18:41 | Build | Farm |
| 18:42 | Build | Farm |
| 18:42 | Build | Farm |
| 18:43 | Build | Farm |
| 18:43 | Build | Farm |
| 18:43 | Build | Farm |
| 18:44 | Build | Farm |
| 18:44 | Build | Farm |
| 18:44 | Build | Farm |
| 18:44 | Build | Farm |
| 18:45 | Build | Farm |
| 18:45 | Build | Farm |
| 18:46 | Build | Farm |
| 18:47 | Build | Farm |
| 18:48 | Build | Farm |
| 18:48 | Build | Farm |
| 18:49 | Build | Farm |
| 18:50 | Build | Farm |
| 18:50 | Build | Farm |
| 18:55 | Create | Villager (Male) |
| 18:56 | Create | Villager (Male) |
| 18:57 | Create | Villager (Male) |
| 19:02 | Build | Farm |
| 19:05 | Build | Farm |
| 19:15 | Create | Villager (Male) |
| 19:23 | Create | Villager (Male) |
| 19:26 | Create | Fishing Ship |
| 19:35 | Build | Farm |
| 19:35 | Build | Farm |
| 19:35 | Build | Farm |
| 19:40 | Build | Farm |
| 19:41 | Build | Farm |
| 19:41 | Build | Farm |
| 19:41 | Build | Farm |
| 19:41 | Build | Farm |
| 19:42 | Build | Farm |
| 19:48 | Build | Farm |
| 19:50 | Create | Villager (Male) |
| 19:57 | Build | House |
| 19:57 | Build | House |
| 19:57 | Build | House |
| 19:58 | Build | House |
| 19:58 | Build | House |
| 19:59 | Build | House |
| 19:59 | Build | House |
| 19:59 | Build | House |
| 20:00 | Build | House |
| 20:11 | Build | Farm |
| 20:15 | Create | Villager (Male) |
| 20:18 | Create | Villager (Male) |
| 20:24 | Build | Fish Trap |
| 20:27 | Create | Fishing Ship |
| 20:47 | Build | Town Center |
| 20:51 | Create | Villager (Male) |
| 20:52 | Create | Villager (Male) |
| 20:53 | Create | Villager (Male) |
| 20:55 | Build | House |
| 20:56 | Build | House |
| 21:10 | Build | Farm |
| 21:16 | Build | Fish Trap |
| 21:38 | Build | Dock |
| 21:40 | Create | Villager (Male) |
| 21:41 | Create | Villager (Male) |
| 21:42 | Create | Villager (Male) |
Build order — kerich732
First 150 of 312 actions detected
| 0:02 | Create | Villager (Male) |
| 0:02 | Create | Villager (Male) |
| 0:03 | Create | Villager (Male) |
| 0:03 | Create | Villager (Male) |
| 0:06 | Build | House |
| 0:08 | Build | House |
| 1:34 | Create | Villager (Male) |
| 2:11 | Create | Villager (Male) |
| 2:11 | Create | Villager (Male) |
| 2:24 | Create | Villager (Male) |
| 2:25 | Create | Villager (Male) |
| 2:58 | Create | Villager (Male) |
| 2:59 | Create | Villager (Male) |
| 3:16 | Create | Villager (Male) |
| 3:43 | Create | Villager (Male) |
| 3:43 | Create | Villager (Male) |
| 4:09 | Build | House |
| 4:24 | Create | Villager (Male) |
| 4:24 | Create | Villager (Male) |
| 4:29 | Build | House |
| 4:37 | Build | Palisade Wall |
| 4:46 | Create | Villager (Male) |
| 4:47 | Create | Villager (Male) |
| 5:19 | Build | Lumber Camp |
| 7:17 | Create | Villager (Male) |
| 7:17 | Create | Villager (Male) |
| 7:37 | Create | Villager (Male) |
| 7:45 | Build | Mill |
| 8:12 | Create | Villager (Male) |
| 8:38 | Build | House |
| 9:03 | Research | Feudal Age |
| 9:56 | Create | Villager (Male) |
| 10:17 | Build | Mill |
| 10:27 | Build | Palisade Wall |
| 11:06 | Create | Villager (Male) |
| 11:13 | Age | Feudal Age |
| 11:27 | Create | Villager (Male) |
| 12:10 | Build | Barracks |
| 12:20 | Build | Blacksmith |
| 12:27 | Build | House |
| 12:29 | Create | Villager (Male) |
| 12:31 | Create | Villager (Male) |
| 12:55 | Build | Farm |
| 12:56 | Build | Farm |
| 12:57 | Build | Farm |
| 12:59 | Build | Farm |
| 13:02 | Build | Farm |
| 13:02 | Create | Villager (Male) |
| 13:12 | Build | Mining Camp |
| 13:20 | Build | Mining Camp |
| 13:25 | Create | Villager (Male) |
| 13:53 | Build | Stone Wall |
| 13:56 | Build | Gate |
| 14:01 | Build | Stone Wall |
| 14:04 | Create | Villager (Male) |
| 14:15 | Build | Farm |
| 14:16 | Create | Villager (Male) |
| 14:38 | Build | Farm |
| 15:09 | Create | Villager (Male) |
| 15:09 | Create | Villager (Male) |
| 15:19 | Build | House |
| 16:10 | Build | Market |
| 16:14 | Create | Villager (Male) |
| 16:25 | Build | Farm |
| 16:26 | Build | Farm |
| 16:30 | Build | Farm |
| 16:37 | Create | Villager (Male) |
| 16:58 | Research | Castle Age |
| 17:14 | Research | Double-Bit Axe |
| 17:32 | Build | Mining Camp |
| 17:51 | Build | House |
| 17:53 | Build | House |
| 18:21 | Research | Horse Collar |
| 18:49 | Create | Villager (Male) |
| 19:03 | Build | House |
| 19:16 | Build | Farm |
| 19:44 | Age | Castle Age |
| 19:49 | Build | Town Center |
| 20:18 | Build | Town Center |
| 20:23 | Create | Villager (Male) |
| 20:24 | Create | Villager (Male) |
| 20:31 | Build | Siege Workshop |
| 20:37 | Research | Pikeman (upgrade) |
| 20:45 | Create | Villager (Male) |
| 20:52 | Research | Gold Mining |
| 21:04 | Create | Villager (Male) |
| 21:15 | Build | Town Center |
| 21:19 | Create | Villager (Male) |
| 21:24 | Create | Villager (Male) |
| 21:29 | Build | Farm |
| 21:47 | Create | Villager (Male) |
| 21:49 | Create | Villager (Male) |
| 22:04 | Create | Villager (Male) |
| 22:09 | Build | Farm |
| 22:17 | Build | Farm |
| 22:20 | Create | Villager (Male) |
| 22:22 | Create | Villager (Male) |
| 22:44 | Create | Villager (Male) |
| 22:47 | Create | Villager (Male) |
| 22:51 | Create | Mangonel |
| 23:00 | Create | Villager (Male) |
| 23:03 | Create | Villager (Male) |
| 23:05 | Create | Villager (Male) |
| 23:13 | Build | House |
| 23:14 | Build | House |
| 23:15 | Build | House |
| 23:20 | Create | Villager (Male) |
| 23:23 | Research | Loom |
| 23:24 | Create | Villager (Male) |
| 23:26 | Create | Villager (Male) |
| 23:29 | Build | Farm |
| 23:35 | Build | Farm |
| 23:53 | Build | Mining Camp |
| 24:02 | Build | Mining Camp |
| 24:05 | Create | Villager (Male) |
| 24:10 | Research | Gold Shaft Mining |
| 24:15 | Create | Villager (Male) |
| 24:27 | Build | House |
| 24:28 | Build | House |
| 24:28 | Build | House |
| 24:29 | Build | House |
| 24:30 | Build | House |
| 24:35 | Create | Villager (Male) |
| 24:35 | Create | Villager (Male) |
| 24:40 | Build | University |
| 24:43 | Build | Farm |
| 24:44 | Create | Villager (Male) |
| 24:46 | Build | Farm |
| 24:49 | Build | Farm |
| 25:02 | Research | Squires |
| 25:05 | Create | Villager (Male) |
| 25:17 | Create | Villager (Male) |
| 25:18 | Create | Villager (Male) |
| 25:20 | Build | Farm |
| 25:29 | Build | Lumber Camp |
| 25:31 | Create | Villager (Male) |
| 25:32 | Create | Villager (Male) |
| 25:33 | Create | Villager (Male) |
| 25:37 | Research | Stone Mining |
| 25:40 | Create | Villager (Male) |
| 25:44 | Build | Farm |
| 25:49 | Build | Farm |
| 26:03 | Create | Villager (Male) |
| 26:06 | Create | Scorpion |
| 26:20 | Create | Villager (Male) |
| 26:25 | Build | Farm |
| 26:26 | Build | Farm |
| 26:27 | Create | Villager (Male) |
| 26:29 | Build | Farm |
| 26:31 | Create | Villager (Male) |
Build order — HF Old English
First 150 of 510 actions detected
| 0:01 | Create | Villager (Male) |
| 0:01 | Create | Villager (Male) |
| 0:01 | Create | Villager (Male) |
| 0:02 | Create | Villager (Male) |
| 0:02 | Build | House |
| 0:04 | Build | House |
| 0:56 | Build | Palisade Wall |
| 1:32 | Create | Villager (Male) |
| 1:32 | Create | Villager (Male) |
| 1:50 | Build | Palisade Wall |
| 2:16 | Create | Villager (Male) |
| 2:16 | Create | Villager (Male) |
| 2:19 | Build | Lumber Camp |
| 2:33 | Create | Villager (Male) |
| 2:34 | Create | Villager (Male) |
| 2:46 | Build | House |
| 2:57 | Create | Villager (Male) |
| 2:57 | Create | Villager (Male) |
| 3:22 | Create | Villager (Male) |
| 3:23 | Create | Villager (Male) |
| 4:00 | Create | Villager (Male) |
| 4:00 | Create | Villager (Male) |
| 4:16 | Create | Villager (Male) |
| 4:16 | Create | Villager (Male) |
| 4:44 | Create | Villager (Male) |
| 4:45 | Create | Villager (Male) |
| 5:07 | Create | Villager (Male) |
| 5:07 | Create | Villager (Male) |
| 5:27 | Create | Villager (Male) |
| 5:27 | Create | Villager (Male) |
| 5:32 | Build | House |
| 5:49 | Build | Mill |
| 6:08 | Create | Villager (Male) |
| 6:08 | Create | Villager (Male) |
| 6:17 | Create | Villager (Male) |
| 6:17 | Create | Villager (Male) |
| 6:38 | Create | Villager (Male) |
| 6:38 | Create | Villager (Male) |
| 7:07 | Create | Villager (Male) |
| 7:07 | Create | Villager (Male) |
| 7:34 | Create | Villager (Male) |
| 8:33 | Build | House |
| 8:43 | Create | Villager (Male) |
| 8:52 | Research | Loom |
| 9:10 | Research | Feudal Age |
| 9:10 | Research | Feudal Age |
| 9:15 | Build | Mining Camp |
| 10:06 | Create | Villager (Male) |
| 10:06 | Create | Villager (Male) |
| 11:20 | Age | Feudal Age |
| 11:25 | Build | Market |
| 11:29 | Build | Blacksmith |
| 11:34 | Build | Blacksmith |
| 12:12 | Create | Villager (Male) |
| 12:26 | Build | Farm |
| 12:26 | Build | Farm |
| 12:27 | Build | Farm |
| 12:45 | Build | House |
| 13:08 | Research | Castle Age |
| 13:35 | Build | Farm |
| 13:36 | Build | Farm |
| 13:55 | Build | Palisade Wall |
| 14:24 | Create | Villager (Male) |
| 15:07 | Build | Barracks |
| 15:14 | Build | Outpost |
| 15:18 | Research | Wheelbarrow |
| 15:19 | Research | Town Watch |
| 15:21 | Research | Loom |
| 15:30 | Build | Mining Camp |
| 15:48 | Age | Castle Age |
| 15:52 | Build | Town Center |
| 16:05 | Build | Farm |
| 16:06 | Build | Farm |
| 16:07 | Research | Horse Collar |
| 16:21 | Build | House |
| 16:29 | Create | Villager (Male) |
| 16:29 | Create | Villager (Male) |
| 16:57 | Build | House |
| 16:58 | Build | House |
| 17:03 | Create | Villager (Male) |
| 17:04 | Create | Villager (Male) |
| 17:14 | Create | Villager (Male) |
| 17:37 | Build | Town Center |
| 17:47 | Create | Villager (Male) |
| 17:47 | Create | Villager (Male) |
| 18:02 | Create | Villager (Male) |
| 18:02 | Create | Villager (Male) |
| 18:15 | Build | Farm |
| 18:25 | Create | Villager (Male) |
| 18:25 | Create | Villager (Male) |
| 18:27 | Build | House |
| 18:29 | Build | House |
| 18:32 | Build | Farm |
| 18:35 | Build | Farm |
| 18:46 | Create | Villager (Male) |
| 18:47 | Create | Villager (Male) |
| 18:50 | Build | Farm |
| 18:52 | Build | Farm |
| 18:58 | Build | Farm |
| 19:05 | Create | Villager (Male) |
| 19:05 | Create | Villager (Male) |
| 19:22 | Build | Farm |
| 19:24 | Create | Villager (Male) |
| 19:24 | Create | Villager (Male) |
| 19:37 | Create | Villager (Male) |
| 19:39 | Build | Monastery |
| 19:41 | Build | House |
| 19:42 | Create | Villager (Male) |
| 19:42 | Create | Villager (Male) |
| 19:43 | Research | Wheelbarrow |
| 19:56 | Build | Lumber Camp |
| 20:03 | Create | Villager (Male) |
| 20:03 | Create | Villager (Male) |
| 20:06 | Create | Villager (Male) |
| 20:09 | Build | Farm |
| 20:11 | Build | Farm |
| 20:20 | Create | Villager (Male) |
| 20:35 | Create | Villager (Male) |
| 20:39 | Build | Archery Range |
| 20:44 | Create | Villager (Male) |
| 20:45 | Create | Villager (Male) |
| 20:47 | Build | Lumber Camp |
| 20:48 | Create | Villager (Male) |
| 20:55 | Research | Double-Bit Axe |
| 20:55 | Research | Double-Bit Axe |
| 21:00 | Build | House |
| 21:01 | Create | Monk |
| 21:15 | Create | Villager (Male) |
| 21:15 | Create | Villager (Male) |
| 21:19 | Build | Farm |
| 21:19 | Build | Farm |
| 21:19 | Build | Farm |
| 21:19 | Build | Farm |
| 21:31 | Build | Farm |
| 21:32 | Create | Villager (Male) |
| 21:33 | Create | Villager (Male) |
| 21:40 | Build | Lumber Camp |
| 21:43 | Build | Farm |
| 21:46 | Build | Farm |
| 21:47 | Create | Villager (Male) |
| 21:49 | Build | House |
| 21:50 | Build | House |
| 21:52 | Create | Villager (Male) |
| 22:00 | Create | Villager (Male) |
| 22:05 | Create | Villager (Male) |
| 22:16 | Research | Bow Saw |
| 22:20 | Research | Heavy Plow |
| 22:21 | Research | Heavy Plow |
| 22:22 | Create | Villager (Male) |
| 22:22 | Create | Villager (Male) |
Build order — MorikawaKouichi
First 150 of 601 actions detected
| 0:02 | Create | Villager (Male) |
| 0:02 | Create | Villager (Male) |
| 0:02 | Create | Villager (Male) |
| 0:04 | Build | House |
| 0:05 | Build | House |
| 0:05 | Create | Villager (Male) |
| 0:06 | Create | Villager (Male) |
| 0:06 | Create | Villager (Male) |
| 1:21 | Create | Villager (Male) |
| 1:22 | Create | Villager (Male) |
| 1:47 | Build | Lumber Camp |
| 2:02 | Create | Villager (Male) |
| 2:03 | Create | Villager (Male) |
| 2:20 | Create | Villager (Male) |
| 2:20 | Create | Villager (Male) |
| 2:20 | Create | Villager (Male) |
| 2:50 | Create | Villager (Male) |
| 2:50 | Create | Villager (Male) |
| 2:50 | Create | Villager (Male) |
| 3:20 | Create | Villager (Male) |
| 3:21 | Create | Villager (Male) |
| 3:51 | Build | House |
| 3:54 | Create | Villager (Male) |
| 3:54 | Create | Villager (Male) |
| 4:18 | Create | Villager (Male) |
| 4:18 | Create | Villager (Male) |
| 4:19 | Create | Villager (Male) |
| 4:49 | Create | Villager (Male) |
| 4:49 | Create | Villager (Male) |
| 5:07 | Create | Villager (Male) |
| 5:07 | Create | Villager (Male) |
| 5:29 | Build | Mill |
| 5:32 | Create | Villager (Male) |
| 5:32 | Create | Villager (Male) |
| 5:42 | Build | House |
| 5:54 | Create | Villager (Male) |
| 5:55 | Create | Villager (Male) |
| 6:36 | Build | Farm |
| 6:40 | Build | Farm |
| 6:56 | Create | Villager (Male) |
| 6:58 | Create | Villager (Male) |
| 6:59 | Create | Villager (Male) |
| 7:05 | Build | Farm |
| 7:30 | Create | Villager (Male) |
| 7:50 | Build | House |
| 8:02 | Create | Villager (Male) |
| 8:17 | Create | Villager (Male) |
| 9:19 | Research | Feudal Age |
| 9:19 | Research | Feudal Age |
| 9:26 | Build | Mining Camp |
| 10:40 | Create | Villager (Male) |
| 10:40 | Create | Villager (Male) |
| 11:29 | Create | Villager (Male) |
| 11:36 | Age | Feudal Age |
| 11:40 | Build | Blacksmith |
| 11:49 | Build | Market |
| 12:23 | Research | Castle Age |
| 12:23 | Research | Castle Age |
| 12:24 | Research | Castle Age |
| 12:25 | Research | Double-Bit Axe |
| 12:26 | Research | Double-Bit Axe |
| 12:26 | Research | Double-Bit Axe |
| 14:09 | Create | Villager (Male) |
| 14:10 | Create | Villager (Male) |
| 15:06 | Age | Castle Age |
| 15:09 | Build | Town Center |
| 15:12 | Build | Town Center |
| 15:33 | Create | Villager (Male) |
| 15:34 | Create | Villager (Male) |
| 15:51 | Research | Wheelbarrow |
| 15:59 | Create | Villager (Male) |
| 16:16 | Build | Farm |
| 16:20 | Create | Villager (Male) |
| 16:39 | Create | Villager (Male) |
| 16:40 | Create | Villager (Male) |
| 16:40 | Create | Villager (Male) |
| 16:42 | Create | Villager (Male) |
| 16:53 | Build | Farm |
| 16:53 | Build | Farm |
| 16:53 | Build | Farm |
| 16:53 | Build | Farm |
| 17:26 | Create | Villager (Male) |
| 17:26 | Create | Villager (Male) |
| 17:31 | Research | Bow Saw |
| 17:31 | Research | Bow Saw |
| 17:33 | Build | Farm |
| 17:33 | Build | Farm |
| 17:33 | Build | Farm |
| 17:34 | Build | Farm |
| 17:34 | Build | Farm |
| 17:46 | Create | Villager (Male) |
| 17:47 | Create | Villager (Male) |
| 17:47 | Create | Villager (Male) |
| 17:47 | Create | Villager (Male) |
| 17:50 | Build | Farm |
| 18:02 | Build | House |
| 18:12 | Create | Villager (Male) |
| 18:19 | Build | Farm |
| 18:20 | Build | Farm |
| 18:22 | Build | Farm |
| 18:23 | Build | Farm |
| 18:24 | Build | Farm |
| 18:32 | Build | House |
| 18:34 | Create | Villager (Male) |
| 18:34 | Create | Villager (Male) |
| 18:38 | Create | Villager (Male) |
| 18:38 | Create | Villager (Male) |
| 18:44 | Create | Villager (Male) |
| 18:44 | Create | Villager (Male) |
| 18:58 | Create | Villager (Male) |
| 19:00 | Create | Villager (Male) |
| 19:02 | Create | Villager (Male) |
| 19:03 | Create | Villager (Male) |
| 19:03 | Create | Villager (Male) |
| 19:19 | Build | Farm |
| 19:20 | Build | Farm |
| 19:20 | Build | Farm |
| 19:20 | Build | Farm |
| 19:20 | Build | Farm |
| 19:21 | Build | Farm |
| 19:21 | Build | Farm |
| 19:21 | Build | Farm |
| 19:21 | Build | Farm |
| 19:26 | Create | Villager (Male) |
| 19:26 | Create | Villager (Male) |
| 19:26 | Create | Villager (Male) |
| 19:32 | Build | House |
| 19:41 | Build | Farm |
| 19:52 | Create | Villager (Male) |
| 20:03 | Build | House |
| 20:04 | Build | House |
| 20:05 | Build | House |
| 20:07 | Create | Villager (Male) |
| 20:07 | Create | Villager (Male) |
| 20:12 | Build | Farm |
| 20:17 | Create | Villager (Male) |
| 20:32 | Build | Town Center |
| 20:50 | Create | Villager (Male) |
| 20:50 | Create | Villager (Male) |
| 20:50 | Create | Villager (Male) |
| 20:54 | Create | Villager (Male) |
| 20:55 | Create | Villager (Male) |
| 20:55 | Create | Villager (Male) |
| 21:14 | Create | Villager (Male) |
| 21:14 | Create | Villager (Male) |
| 21:24 | Build | Farm |
| 21:25 | Build | Farm |
| 21:25 | Build | Farm |
| 21:25 | Build | Farm |
| 21:27 | Build | Farm |
Build order — 我爱干饭
First 150 of 341 actions detected
| 0:03 | Create | Villager (Male) |
| 0:03 | Create | Villager (Male) |
| 0:07 | Build | House |
| 0:10 | Create | Villager (Male) |
| 0:11 | Create | Villager (Male) |
| 1:59 | Create | Villager (Male) |
| 1:59 | Create | Villager (Male) |
| 2:00 | Create | Villager (Male) |
| 2:13 | Create | Villager (Male) |
| 2:14 | Create | Villager (Male) |
| 2:14 | Create | Villager (Male) |
| 2:15 | Create | Villager (Male) |
| 2:32 | Create | Villager (Male) |
| 2:33 | Create | Villager (Male) |
| 2:33 | Create | Villager (Male) |
| 2:36 | Build | House |
| 2:37 | Build | House |
| 3:07 | Create | Villager (Male) |
| 3:30 | Create | Villager (Male) |
| 3:30 | Create | Villager (Male) |
| 3:31 | Create | Villager (Male) |
| 3:33 | Research | Loom |
| 4:34 | Create | Villager (Male) |
| 4:34 | Create | Villager (Male) |
| 4:35 | Create | Villager (Male) |
| 4:35 | Create | Villager (Male) |
| 4:36 | Create | Villager (Male) |
| 5:01 | Build | Palisade Wall |
| 5:39 | Create | Villager (Male) |
| 5:39 | Create | Villager (Male) |
| 5:39 | Create | Villager (Male) |
| 6:33 | Build | Palisade Wall |
| 7:04 | Create | Villager (Male) |
| 7:04 | Create | Villager (Male) |
| 7:05 | Create | Villager (Male) |
| 7:20 | Build | Settlement |
| 7:26 | Create | Villager (Male) |
| 7:26 | Create | Villager (Male) |
| 7:39 | Build | Settlement |
| 8:38 | Create | Villager (Male) |
| 8:38 | Create | Villager (Male) |
| 8:39 | Create | Villager (Male) |
| 8:39 | Create | Villager (Male) |
| 9:15 | Create | Villager (Male) |
| 9:42 | Build | Dock |
| 10:43 | Build | Settlement |
| 10:53 | Create | Villager (Male) |
| 10:53 | Create | Villager (Male) |
| 11:03 | Create | Fishing Ship |
| 11:04 | Create | Fishing Ship |
| 11:19 | Build | Dock |
| 11:59 | Build | Settlement |
| 12:11 | Create | Fishing Ship |
| 12:11 | Create | Fishing Ship |
| 12:16 | Research | Feudal Age |
| 12:22 | Create | Fishing Ship |
| 13:33 | Build | Farm |
| 13:35 | Build | Farm |
| 13:36 | Build | Farm |
| 13:39 | Build | Farm |
| 13:40 | Build | Farm |
| 13:48 | Create | Fishing Ship |
| 13:48 | Create | Fishing Ship |
| 14:05 | Create | Villager (Male) |
| 14:14 | Build | Farm |
| 14:26 | Age | Feudal Age |
| 14:44 | Build | Stone Wall |
| 14:50 | Create | Villager (Male) |
| 14:50 | Create | Villager (Male) |
| 14:56 | Build | Farm |
| 14:58 | Build | Farm |
| 15:00 | Build | Farm |
| 15:01 | Build | Farm |
| 15:04 | Create | Villager (Male) |
| 15:33 | Build | Blacksmith |
| 16:02 | Create | Villager (Male) |
| 16:16 | Build | Market |
| 16:41 | Create | Villager (Male) |
| 16:42 | Create | Villager (Male) |
| 16:48 | Build | Farm |
| 16:50 | Build | Farm |
| 16:51 | Build | Farm |
| 17:04 | Research | Horse Collar |
| 17:05 | Research | Double-Bit Axe |
| 17:34 | Research | Castle Age |
| 17:57 | Research | Gold Mining |
| 18:13 | Build | Fish Trap |
| 18:16 | Build | Fish Trap |
| 18:20 | Build | Fish Trap |
| 18:35 | Build | Fish Trap |
| 18:54 | Build | Fish Trap |
| 19:06 | Build | Fish Trap |
| 19:24 | Build | Fish Trap |
| 19:38 | Create | Fishing Ship |
| 20:14 | Age | Castle Age |
| 20:16 | Create | Villager (Male) |
| 20:18 | Create | Villager (Male) |
| 20:31 | Build | Fish Trap |
| 20:48 | Build | Town Center |
| 20:54 | Create | Villager (Male) |
| 20:54 | Create | Villager (Male) |
| 20:57 | Create | Villager (Male) |
| 20:57 | Create | Villager (Male) |
| 21:01 | Research | Bow Saw |
| 21:10 | Research | Stone Mining |
| 22:20 | Research | Wheelbarrow |
| 22:40 | Build | Town Center |
| 22:50 | Create | Villager (Male) |
| 22:50 | Create | Villager (Male) |
| 22:53 | Create | Villager (Male) |
| 22:53 | Create | Villager (Male) |
| 22:53 | Create | Villager (Male) |
| 22:54 | Create | Villager (Male) |
| 22:55 | Create | Villager (Male) |
| 23:04 | Create | Fishing Ship |
| 23:05 | Create | Fishing Ship |
| 23:05 | Create | Fishing Ship |
| 23:05 | Create | Fishing Ship |
| 23:06 | Create | Fishing Ship |
| 23:13 | Create | Fishing Ship |
| 23:13 | Create | Fishing Ship |
| 23:28 | Create | Villager (Male) |
| 23:28 | Create | Villager (Male) |
| 23:32 | Create | Villager (Male) |
| 23:33 | Create | Villager (Male) |
| 24:01 | Build | Fish Trap |
| 24:22 | Create | Villager (Male) |
| 24:22 | Create | Villager (Male) |
| 24:23 | Create | Villager (Male) |
| 24:23 | Create | Villager (Male) |
| 24:23 | Create | Villager (Male) |
| 24:24 | Create | Villager (Male) |
| 24:31 | Build | Fish Trap |
| 24:53 | Build | Fish Trap |
| 24:57 | Build | Fish Trap |
| 25:38 | Create | Villager (Male) |
| 25:38 | Create | Villager (Male) |
| 25:39 | Create | Villager (Male) |
| 25:39 | Create | Villager (Male) |
| 25:40 | Create | Villager (Male) |
| 25:41 | Create | Villager (Male) |
| 26:01 | Build | Town Center |
| 26:10 | Create | Fishing Ship |
| 26:10 | Create | Fishing Ship |
| 26:12 | Research | Tech 906 |
| 26:20 | Build | House |
| 26:21 | Build | House |
| 26:28 | Build | House |
| 26:29 | Build | House |
| 26:53 | Build | Town Center |
Build order — obamama
First 150 of 359 actions detected
| 0:02 | Create | Villager (Male) |
| 0:02 | Create | Villager (Male) |
| 0:05 | Build | House |
| 0:07 | Build | House |
| 0:07 | Create | Villager (Male) |
| 0:07 | Create | Villager (Male) |
| 0:08 | Create | Villager (Male) |
| 0:08 | Create | Villager (Male) |
| 0:08 | Create | Villager (Male) |
| 0:09 | Build | House |
| 0:51 | Research | Loom |
| 0:51 | Create | Villager (Male) |
| 0:52 | Create | Villager (Male) |
| 0:52 | Create | Villager (Male) |
| 0:52 | Create | Villager (Male) |
| 0:52 | Create | Villager (Male) |
| 1:30 | Build | Palisade Wall |
| 1:45 | Build | Palisade Wall |
| 2:07 | Create | Villager (Male) |
| 2:08 | Create | Villager (Male) |
| 2:55 | Build | House |
| 3:00 | Create | Villager (Male) |
| 3:01 | Create | Villager (Male) |
| 3:01 | Create | Villager (Male) |
| 3:08 | Create | Villager (Male) |
| 3:08 | Create | Villager (Male) |
| 3:21 | Create | Villager (Male) |
| 3:22 | Create | Villager (Male) |
| 3:48 | Build | Palisade Wall |
| 4:02 | Create | Villager (Male) |
| 4:02 | Create | Villager (Male) |
| 4:02 | Create | Villager (Male) |
| 5:10 | Create | Villager (Male) |
| 5:10 | Create | Villager (Male) |
| 5:11 | Create | Villager (Male) |
| 6:44 | Create | Villager (Male) |
| 6:44 | Create | Villager (Male) |
| 6:44 | Create | Villager (Male) |
| 6:44 | Create | Villager (Male) |
| 7:10 | Build | Lumber Camp |
| 7:15 | Create | Villager (Male) |
| 7:15 | Create | Villager (Male) |
| 7:15 | Create | Villager (Male) |
| 7:15 | Create | Villager (Male) |
| 8:19 | Create | Villager (Male) |
| 8:20 | Create | Villager (Male) |
| 8:20 | Create | Villager (Male) |
| 8:20 | Create | Villager (Male) |
| 9:41 | Create | Villager (Male) |
| 9:41 | Create | Villager (Male) |
| 9:41 | Create | Villager (Male) |
| 9:41 | Create | Villager (Male) |
| 9:48 | Build | House |
| 9:56 | Create | Villager (Male) |
| 9:56 | Create | Villager (Male) |
| 9:57 | Create | Villager (Male) |
| 10:10 | Build | Mill |
| 11:38 | Research | Feudal Age |
| 12:17 | Create | Villager (Male) |
| 12:18 | Create | Villager (Male) |
| 13:13 | Build | Farm |
| 13:13 | Build | Farm |
| 13:14 | Build | Farm |
| 13:15 | Build | Farm |
| 13:15 | Build | Farm |
| 13:16 | Build | Farm |
| 13:17 | Build | Farm |
| 13:44 | Build | Farm |
| 13:54 | Age | Feudal Age |
| 14:19 | Build | Stone Wall |
| 14:24 | Build | Gate |
| 14:34 | Create | Villager (Male) |
| 14:34 | Create | Villager (Male) |
| 14:50 | Build | Mining Camp |
| 15:27 | Build | House |
| 15:31 | Build | Market |
| 15:40 | Build | Blacksmith |
| 15:41 | Create | Villager (Male) |
| 15:43 | Create | Villager (Male) |
| 16:27 | Build | Barracks |
| 16:38 | Create | Villager (Male) |
| 16:40 | Create | Villager (Male) |
| 17:48 | Research | Castle Age |
| 17:49 | Research | Castle Age |
| 17:54 | Research | Horse Collar |
| 17:55 | Research | Double-Bit Axe |
| 17:58 | Research | Gold Mining |
| 17:59 | Research | Stone Mining |
| 18:19 | Build | Mining Camp |
| 18:55 | Build | Barracks |
| 19:00 | Create | Villager (Male) |
| 19:25 | Build | House |
| 19:57 | Build | Stable |
| 20:14 | Build | House |
| 20:15 | Build | House |
| 20:15 | Build | House |
| 20:16 | Build | House |
| 20:16 | Build | House |
| 20:28 | Age | Castle Age |
| 20:31 | Build | Town Center |
| 20:38 | Build | Town Center |
| 20:48 | Build | Monastery |
| 21:03 | Create | Villager (Male) |
| 21:04 | Create | Villager (Male) |
| 21:04 | Create | Villager (Male) |
| 21:04 | Create | Villager (Male) |
| 21:04 | Create | Villager (Male) |
| 21:05 | Create | Villager (Male) |
| 21:05 | Create | Villager (Male) |
| 21:05 | Create | Villager (Male) |
| 21:27 | Build | Market |
| 21:42 | Create | Villager (Male) |
| 21:42 | Create | Villager (Male) |
| 21:43 | Create | Villager (Male) |
| 21:44 | Create | Villager (Male) |
| 21:44 | Create | Villager (Male) |
| 21:45 | Create | Villager (Male) |
| 21:45 | Create | Villager (Male) |
| 21:45 | Create | Villager (Male) |
| 21:46 | Create | Villager (Male) |
| 21:47 | Create | Villager (Male) |
| 21:47 | Create | Villager (Male) |
| 21:47 | Create | Villager (Male) |
| 21:48 | Create | Villager (Male) |
| 21:54 | Create | Monk |
| 22:25 | Create | Villager (Male) |
| 22:25 | Create | Villager (Male) |
| 22:30 | Research | Heavy Plow |
| 22:32 | Research | Bow Saw |
| 22:33 | Research | Bow Saw |
| 22:38 | Build | House |
| 22:39 | Build | House |
| 22:53 | Build | Farm |
| 23:00 | Create | Villager (Male) |
| 23:00 | Create | Villager (Male) |
| 23:23 | Create | Villager (Male) |
| 23:23 | Create | Villager (Male) |
| 23:23 | Create | Villager (Male) |
| 23:44 | Build | House |
| 23:45 | Build | House |
| 23:58 | Create | Monk |
| 24:16 | Build | House |
| 24:17 | Build | House |
| 24:17 | Build | House |
| 24:17 | Build | House |
| 24:23 | Build | Farm |
| 24:23 | Build | Farm |
| 24:24 | Build | Farm |
| 24:25 | Build | Farm |
| 24:26 | Build | Farm |
Match timeline
| 0:36 | Buco · wall_segment Palisade Wall x11 |
| 0:56 | HF Old English · wall_segment Palisade Wall x9 |
| 1:30 | obamama · wall_segment Palisade Wall x6 |
| 1:45 | obamama · wall_segment Palisade Wall x8 |
| 1:50 | HF Old English · wall_segment Palisade Wall x1 |
| 3:48 | obamama · wall_segment Palisade Wall x1 |
| 4:37 | kerich732 · wall_segment Palisade Wall x4 |
| 5:01 | 我爱干饭 · wall_segment Palisade Wall x6 |
| 5:30 | Mr. Bolivar · first_building Dock |
| 6:33 | 我爱干饭 · wall_segment Palisade Wall x1 |
| 8:18 | Buco · first_building Dock |
| 9:42 | 我爱干饭 · first_building Dock |
| 10:27 | kerich732 · wall_segment Palisade Wall x1 |
| 11:13 | kerich732 · age_up feudal |
| 11:20 | Buco · first_building Barracks |
| 11:20 | HF Old English · age_up feudal |
| 11:31 | Ekx_21_Pro_Max · age_up feudal |
| 11:34 | Buco · age_up feudal |
| 11:36 | MorikawaKouichi · age_up feudal |
| 12:10 | kerich732 · first_building Barracks |
| 12:28 | Mr. Bolivar · age_up feudal |
| 13:53 | kerich732 · wall_segment Stone Wall x1 |
| 13:54 | obamama · age_up feudal |
| 13:55 | HF Old English · wall_segment Palisade Wall x6 |
| 14:01 | kerich732 · wall_segment Stone Wall x4 |
| 14:19 | obamama · wall_segment Stone Wall x17 |
| 14:26 | 我爱干饭 · age_up feudal |
| 14:44 | 我爱干饭 · wall_segment Stone Wall x8 |
| 14:54 | Ekx_21_Pro_Max · age_up castle |
| 14:56 | Buco · first_market_buy 100 food |
| 14:58 | Buco · first_market_sell 100 wood |
| 15:06 | MorikawaKouichi · age_up castle |
| 15:07 | HF Old English · first_building Barracks |
| 15:48 | HF Old English · age_up castle |
| 15:59 | Buco · wall_segment Stone Wall x20 |
| 16:23 | Mr. Bolivar · age_up castle |
| 16:27 | obamama · first_building Barracks |
| 16:44 | Ekx_21_Pro_Max · first_market_buy 100 food |
| 17:11 | 我爱干饭 · first_market_sell 100 food |
| 18:10 | Buco · age_up castle |
| 18:56 | MorikawaKouichi · first_market_buy 100 food |
| 19:20 | Mr. Bolivar · first_market_buy 100 food |
| 19:39 | HF Old English · first_building Monastery |
| 19:44 | kerich732 · age_up castle |
| 19:57 | obamama · first_building Stable |
| 20:05 | kerich732 · first_market_buy 100 stone |
| 20:14 | 我爱干饭 · age_up castle |
| 20:28 | obamama · age_up castle |
| 20:31 | kerich732 · first_building Siege Workshop |
| 20:39 | HF Old English · first_building Archery Range |
| 20:48 | obamama · first_building Monastery |
| 20:55 | HF Old English · first_market_buy 100 wood |
| 21:10 | Ekx_21_Pro_Max · first_market_sell 100 wood |
| 21:31 | Buco · first_building Castle |
| 22:50 | Mr. Bolivar · first_building Castle |
| 23:27 | HF Old English · first_building Siege Workshop |
| 24:06 | Mr. Bolivar · first_building Monastery |
| 24:42 | Buco · first_building Monastery |
| 25:16 | obamama · wall_segment Stone Wall x17 |
| 25:30 | MorikawaKouichi · first_building Monastery |
| 26:09 | MorikawaKouichi · first_market_sell 100 wood |
| 26:13 | Mr. Bolivar · first_building Barracks |
| 27:14 | obamama · first_building Castle |
| 27:21 | Buco · first_building Archery Range |
| 27:39 | obamama · wall_segment Stone Wall x6 |
| 28:08 | Ekx_21_Pro_Max · first_building Castle |
| 28:36 | HF Old English · first_building Stable |
| 28:39 | MorikawaKouichi · tribute_sent a jugador 1 |
| 28:39 | MorikawaKouichi · tribute_sent a jugador 2 |
| 28:39 | MorikawaKouichi · tribute_sent a jugador 3 |
| 28:39 | MorikawaKouichi · tribute_sent a jugador 4 |
| 28:39 | MorikawaKouichi · tribute_sent a jugador 5 |
| 28:39 | MorikawaKouichi · tribute_sent a jugador 7 |
| 28:39 | MorikawaKouichi · tribute_sent a jugador 8 |
| 28:43 | Mr. Bolivar · first_building Stable |
| 28:51 | Ekx_21_Pro_Max · first_building Monastery |
| 28:56 | HF Old English · first_building Castle |
| 29:01 | kerich732 · first_building Castle |
| 29:11 | 我爱干饭 · first_building Castle |
| 29:28 | Ekx_21_Pro_Max · first_building Siege Workshop |
| 29:32 | MorikawaKouichi · age_up imperial |
| 29:42 | Mr. Bolivar · first_building Siege Workshop |
| 29:44 | MorikawaKouichi · first_building Barracks |
| 30:18 | Mr. Bolivar · age_up imperial |
| 30:38 | Mr. Bolivar · first_market_sell 100 food |
| 30:44 | HF Old English · age_up imperial |
| 30:46 | HF Old English · first_market_sell 100 food |
| 31:03 | Ekx_21_Pro_Max · first_building Barracks |
| 31:04 | MorikawaKouichi · first_building Stable |
| 31:04 | Mr. Bolivar · first_building Archery Range |
| 31:04 | 我爱干饭 · first_building Siege Workshop |
| 31:27 | 我爱干饭 · first_building Barracks |
| 31:54 | MorikawaKouichi · first_building Castle |
| 31:54 | obamama · age_up imperial |
| 32:57 | Ekx_21_Pro_Max · age_up imperial |
| 33:07 | Buco · age_up imperial |
| 33:33 | Ekx_21_Pro_Max · wall_segment Stone Wall x9 |
| 33:51 | 我爱干饭 · age_up imperial |
| 33:54 | Ekx_21_Pro_Max · wall_segment Stone Wall x14 |
| 33:57 | kerich732 · first_building Stable |
| 34:04 | kerich732 · first_building Archery Range |
| 34:59 | Buco · first_building Siege Workshop |
| 35:01 | kerich732 · age_up imperial |
| 35:04 | obamama · first_building Siege Workshop |
| 35:34 | kerich732 · first_market_sell 100 food |
| 36:22 | 我爱干饭 · first_market_buy 100 food |
| 36:47 | Ekx_21_Pro_Max · wall_segment Stone Wall x12 |
| 36:55 | kerich732 · wall_segment Stone Wall x5 |
| 37:47 | obamama · first_market_buy 100 stone |
| 38:07 | obamama · wall_segment Stone Wall x14 |
| 42:52 | HF Old English · wall_segment Stone Wall x1 |
| 43:16 | kerich732 · resign |
| 45:08 | MorikawaKouichi · first_building Siege Workshop |
| 46:17 | HF Old English · wall_segment Stone Wall x1 |
[ AI ANALYSIS · 1 CREDIT ]
What really happened in this match?
Wolo.gg analyzes every decision: build order, eco, micro, common mistakes by bracket. Personalized analysis on WhatsApp or Discord in 30 seconds.
Civ guide
Vietnamese
Perfil
Jugador #6680823